 Dungeon Crawl Stone Soup version 0.28-a0-724-g66f9036eb4 (webtiles) character file.

Game seed: 14856104245376120737

7 meatgazer the Skirmisher (level 1, -39/18 HPs)
             Began as a Demonspawn Abyssal Knight on Oct 26, 2021.
             Was a Follower of Lugonu.
             Killed from afar by a lich (57 damage)
             ... with a bolt of cold
             ... on level 2 of the Abyss.
             The game lasted 00:00:33 (107 turns).

meatgazer the Skirmisher (Demonspawn Abyssal Knight) Turns: 107, Time: 00:00:34

Health: -39/18     AC:  3    Str: 13    XL:     1   Next: 83%
Magic:  2/2        EV: 11    Int: 11    God:    Lugonu [*.....]
Gold:   74         SH:  0    Dex: 13    Spells: 0/0 levels left

rFire   . . .      SeeInvis .   a - +1 falchion
rCold   . . .      Faith    .   (no shield)
rNeg    . . .      Spirit   .   b - +0 leather armour
rPois   .          Reflect  .   (no helmet)
rElec   .          Harm     .   (no cloak)
rCorr   .          Rampage  .   (no gloves)
Will    .....                   (no boots)
Stlth   +.........              (no amulet)
HPRegen 0.06/turn               (no ring)
MPRegen 0.08/turn               (no ring)

@: no status effects
A: no striking features
a: Renounce Religion, Depart the Abyss


You were on level 2 of the Abyss.
You worshipped Lugonu.
Lugonu was aware of your devotion.
You visited 0 branches of the dungeon, and saw 0 of its levels.
You visited the Abyss 1 time.

You collected 74 gold pieces.

Inventory:

Hand Weapons
 a - a +1 falchion (weapon)
Armour
 b - a +0 leather armour (worn)
Wands
 d - a wand of acid (4)


   Skills:
 + Level 3.2 Fighting
 + Level 1.8 Long Blades
 + Level 1.9 Armour
 + Level 0.9 Dodging
 + Level 2.5 Invocations


You couldn't memorise any spells.
You didn't know any spells.
Your spell library was empty.

Dungeon Overview and Level Annotations

Branches:
Dungeon (0/15)

Altars:


Message History

You now have 74 gold pieces (gained 14).
The white imp gestures at you. The puff of frost hits you!
Aiming: Corrosive Bolt
Press: ? - help, Shift-Dir - straight line, f - white imp
Aim: a white imp (71% to hit)
The bolt of acid hits the white imp!
The acid corrodes the white imp!
The white imp is almost dead.
Aiming: Corrosive Bolt
Press: ? - help, Shift-Dir - straight line, f/p - white imp
Aim: a white imp (almost dead, covered in acid, 71% to hit)
The bolt of acid hits the white imp!
You kill the white imp!
Aiming: Corrosive Bolt
Press: ? - help, Shift-Dir - straight line, f - large abomination
Aim: a large abomination (86% to hit)
The bolt of acid hits the large abomination!
The large abomination is moderately damaged.
The lich conjures a glowing orb.
An orb of destruction comes into view.
The lich gestures wildly while chanting.
The lich seems to speed up.
You aren't carrying any scrolls.
It was a potion of heal wounds.
You feel much better.
The orb of destruction hits a rock wall.
The large abomination closely misses you.
Found 4 atropa-tipped darts.
Found a runed war axe.
Aiming: Corrosive Bolt
Press: ? - help, Shift-Dir - straight line, f/p - large abomination
Aim: a large abomination (moderately damaged, 86% to hit)
The bolt of acid hits the lich.
The lich is lightly damaged.
The bolt of acid hits the large abomination!
The acid corrodes the large abomination!
The large abomination is severely damaged.
The lich gestures at you while chanting.
The bolt of cold hits you!!!
Ouch! That really hurt!
You die...

.. ..# #.#
#)# #..
###.###
##..#..#
#.@.#.( .
#.L#.## ...
##..#.###.#
##X#..#.# .
. ##.....# .
#...#.## #..
###.#.##
#.#. .###.#
.
#....##.#.##


You could see a lich (fast) and a large abomination (corroded).

Vanquished Creatures
  A white imp (Abyss:2)
1 creature vanquished.

Notes
Turn   | Place    | Note
-------+----------+-------------------------------------------
     0 | Abyss:1  | meatgazer the Demonspawn Abyssal Knight began the quest for
                  | the Orb.
     0 | Abyss:1  | Reached XP level 1. HP: 18/18 MP: 2/2
    36 | Abyss:2  | Found a shimmering altar of Xom.
    75 | Abyss:2  | Noticed a lich
    75 | Abyss:2  | Noticed a large abomination
    76 | Abyss:2  | Noticed a small abomination
   107 | Abyss:2  | Killed from afar by a lich

Illustrated notes

Levels and vault maps discovered:
Abyss:2:  base:
Temple

Action                   || total
-------------------------++-------
Evoke: Wand              ||     4
  Use: Potion            ||     1
Dodge: Dodged            ||     1

Table legend: (Time is in decaauts)
 A = Elapsed time spent in this place.
 B = Non-inter-level travel time spent in this place.
 C = Inter-level travel time spent in this place.
 D = Time resting spent in this place.
 E = Time spent auto-exploring this place.
 F = Levels seen in this place.
 G = Mean time per level.
                   A        B        C        D        E       F      G
               +--------+--------+--------+--------+--------+-----+--------+
         Total |    106 |    106 |      0 |      0 |     64 |   2 |   53.0 |
         Abyss |    106 |    106 |      0 |      0 |     64 |   2 |   53.0 |
               +--------+--------+--------+--------+--------+-----+--------+

Top non-repeatable levels by time:
 Abyss:2: 70 daAuts
 Abyss:1: 36 daAuts
